 Dungeon Sprint DCSS version 0.30.1 (webtiles) character file.

Game seed: 1931707585101845429

0 Groucho the Scratcher (level 1, -2/10 HPs)
             Began as a Felid Fighter on July 7, 2023.
             Slain by Blork the orc
             ... wielding a +0 morningstar
              (12 damage)
             ... in the Dungeon (Sprint VI: "Thunderdome").
             The game lasted 00:00:53 (102 turns).

Groucho the Scratcher (Felid Fighter)                Turns: 102, Time: 00:00:54

Health: -2/10      AC:  1    Str: 12    XL:     1   Next: 75%
Magic:  2/2        EV: 18    Int:  9    God:
Gold:   200        SH:  0    Dex: 15    Spells: 0/0 levels left
                                        Lives:  0   Deaths: 0

rFire   . .          .
                       - Unarmed
rCold   . . .        (shield unavailable)
rNeg    . . .        (body armour unavailable)
rPois   .            (helmet unavailable)
rElec   .            (cloak unavailable)
rCorr   .            (gloves unavailable)
SInv    +            (boots unavailable)
Will    .....        (no amulet)
Stlth   +            (no ring)
HPRegen 0.21/turn    (no ring)
MPRegen 0.08/turn

%: no teleportation
@: mighty, quick
A: very small, claws 1, fangs 3, see invisible, speed 1, shaggy fur 1, stealthy
paws, no weapons or thrown items, no armour, multi-lived
a: no special abilities


You were in the Dungeon.
You visited 1 branch You collected 200 gold pieces.

Inventory:

Wands
 h - a wand of acid (5)
 i - a wand of iceblast (5)
Scrolls
 g - 4 scrolls of blinking
 j - 3 scrolls of fog
Potions
 b - a potion of curing
 c - 4 potions of heal wounds
 d - 4 potions of haste
 e - 2 potions of magic
 f - a potion of berserk rage
 k - a potion of resistance


   Skills:
 + Level 3.4 Fighting
 + Level 4.5 Dodging
 + Level 4.9 Unarmed Combat


You couldn't memorise any spells.
You didn't know any spells.
Your spell library was empty.

Dungeon Overview and Level Annotations

Branches:
Dungeon (1/1)

Altars:
Cheibriados
Dithmenos
Fedhas
Gozag
Kikubaaqudgha
Makhleb
Okawaru
Qazlal
Ru
Sif Muna
Trog
Uskayaw
Vehumet
Wu Jian
Xom
Yredelemnul
Zin
The Shining One
Lugonu

Shops:
D *[??*?*:[((!!!!

Annotations:
D Blork the orc


Innate Abilities, Weirdness & Mutations

You have sharp claws.
You have razor-sharp teeth.
You have supernaturally acute eyesight. (SInv)
You cover ground quickly. (Speed+)
You are covered in fur. (AC +1)
Your paws help you pounce on unaware monsters.
You are incapable of wielding weapons or throwing items.
You cannot wear armour.
You gain extra lives every three experience levels.


Message History

You scratch the orc. You bite the orc.
You kill the orc!
An orc comes into view. It is wielding a +0 club.
Found a radiant altar of Vehumet.
Things that are here:
a +0 hand axe; an orc corpse An orc is nearby!
You are too injured to fight recklessly!
You are too injured to fight recklessly!
Found a roughly hewn altar of Beogh.
Found a snail-covered altar of Cheibriados.
Found Iviptoen's Jewellery and Zytzi's Advanced Armour.
The orc shouts!
The orc barely misses you.
You scratch the orc.
The orc is almost dead.
The orc closely misses you.
You scratch the orc but do no damage.
The orc is almost dead.
The orc barely misses you.
You barely miss the orc. You bite the orc.
You kill the orc!
Found Esmal's Identification Station.
Found a sacrificial altar of Ru.
Things that are here:
a +0 club; a +0 leather armour You start resting.
Blork the orc comes into view.
He is wielding a +0 morningstar.
Blork the orc is nearby!
Blork the orc is nearby!
You feel very mighty all of a sudden.
Blork the orc drinks a potion.
Blork the orc seems to speed up.
You claw Blork the orc!
Blork the orc is moderately wounded.
Blork the orc completely misses you.
You closely miss Blork the orc.
Blork the orc is moderately wounded.
Blork the orc misses you.
Blork the orc hits you with a +0 morningstar!
Ouch! That really hurt!
You die...

##∩.....∩## #∩.......∩#
#_......._# #_........#
#_......._# ###.........###
#⌠....)......⌠#
######.8.o.......8.######
##.___...@..###......___∩#
#∩....)...8.# #.8........∩
.............###...........
..........###...###........
..........# #.<.# #........
..........###...###........
.............###...........
##∩........8.# #.8........∩
##∩___......###......_._∩#


You could see Blork the orc (fast).

Vanquished Creatures
  3 orcs (D)
3 creatures vanquished.

Notes
Turn   | Place    | Note
-------+----------+-------------------------------------------
     0 | D        | Groucho the Felid Fighter began the quest for the Orb.
     0 | D        | Reached XP level 1. HP: 10/10 MP: 2/2
     1 | D        | Found a hide-covered altar of Uskayaw.
     1 | D        | Found a glowing silver altar of Zin.
     2 | D        | Found a shimmering blue altar of Sif Muna.
     2 | D        | Found an opulent altar of Gozag.
     3 | D        | Found a shadowy altar of Dithmenos.
     4 | D        | Found a bloodstained altar of Trog.
     4 | D        | Found Yseom's Premium Goods.
     4 | D        | Found Qihit's Weapon Rack.
     5 | D        | Found Pasmusku's Miscellaneous Merchandise.
     5 | D        | Found Rodafi's Basic Armour.
     7 | D        | Round 1.
     9 | D        | Found a shimmering altar of Xom.
    11 | D        | Found an ornate altar of the Wu Jian Council.
    12 | D        | Found Pashrofoiqae's Do-It-Yourself Clinic.
    39 | D        | Found Buv Oryom's Bottled Wisdom.
    39 | D        | Found Iredul's Distillery.
    46 | D        | Found Bubeila's Distillery.
    46 | D        | Found a burning altar of Makhleb.
    46 | D        | Found an ancient bone altar of Kikubaaqudgha.
    46 | D        | Found an iron altar of Okawaru.
    59 | D        | Found a corrupted altar of Lugonu.
    61 | D        | Found a glowing golden altar of the Shining One.
    61 | D        | Found Voasen's Staff Store.
    61 | D        | Found Wacagot's Must-Have Magic.
    62 | D        | Found Cupneg's Magic Scroll Shop.
    68 | D        | Found a blossoming altar of Fedhas.
    68 | D        | Found a basalt altar of Yredelemnul.
    68 | D        | Found Qemyac's Magic Scroll Shop.
    68 | D        | Found a stormy altar of Qazlal.
    74 | D        | Found a radiant altar of Vehumet.
    76 | D        | Found a snail-covered altar of Cheibriados.
    78 | D        | Found Iviptoen's Jewellery.
    78 | D        | Found Zytzi's Advanced Armour.
    83 | D        | Found a sacrificial altar of Ru.
    83 | D        | Found Esmal's Identification Station.
    96 | D        | Noticed Blork the orc
   102 | D        | Slain by Blork the orc

Illustrated notes

Levels and vault maps discovered:
D:        arena_sprint

Action                     || total
---------------------------++-------
  Melee: Unarmed           ||     8
         Bite              ||     2
    Use: Potion            ||     1
  Dodge: Dodged            ||     6
